 Dungeon Crawl Stone Soup version 0.23.2-1-ga50397a (webtiles) character file.

Game seed: 9542169638191148336

51691 Kairos the Slicer (level 14, -32/108 HPs)
             Began as a Gnoll Wanderer on Apr 22, 2019.
             Was an Initiate of Gozag.
             Annihilated by Donald
             ... wielding a +0 long sword
              (39 damage)
             ... on level 2 of the Swamp on Apr 23, 2019.
             The game lasted 01:48:05 (28812 turns).

Kairos the Slicer (Gnoll Wanderer)                 Turns: 28812, Time: 01:48:06

Health: -32/108    AC: 14    Str: 18    XL:     14   Next: 60%
Magic:  27/27      EV: 20    Int: 19    God:    Gozag
Gold:   1181       SH: 14    Dex: 16    Spells: 18/32 levels left

rFire    + + .     SeeInvis .   d - +5 quick blade (pierce)
rCold    . . .     Gourm    .   l - +2 shield of Beogh's Esteem {rPois rF++ MR- Slay+2}
rNeg     + . .     Faith    .   Y - +5 ring mail {rF+}
rPois    +         Spirit   .   (helmet restricted)
rElec    +         Reflect  .   t - +0 cloak
rCorr    .         Harm     +   F - +0 pair of gloves
MR       .....     Rnd*Tele +   (no boots)
Stlth    ++++......             X - amulet of harm
HPRegen  0.28/turn              J - ring of Futhrael {rElec rPois rF- rN+ Int+2}
MPRegen  0.20/turn              j - +6 ring of evasion

@: grasped by roots, gold aura, constricted, studying Short Blades
A: distributed training, fangs 1, horns 1, agile 1, screaming 1, teleportitis 1,
sturdy frame 1, strong nose
a: Potion Petition, Call Merchant, Bribe Branch, Renounce Religion


You were on level 2 of the Swamp.
You worshipped Gozag.
Gozag was most pleased with you.
You were not hungry.

You visited 4 branches of the dungeon, and saw 20 of its levels.
You also visited: Sewer, Ossuary, Bailey and Ice Cave.

You collected 6086 gold pieces.
You spent 2345 gold pieces at shops.
You paid 2560 gold pieces to Gozag.

Inventory:

Hand Weapons
 d - a +5 quick blade of piercing (weapon)
 w - a +6 trident of protection
 z - the +10 war axe "Ibycuw" {venom, rPois MP+9}
   (You found it in an ice cave)

   It poisons the flesh of those it strikes.
   It protects you from poison.
   It affects your magic capacity (+9).
 C - a +3 trident of flaming
 N - a +0 demon whip of venom
Missiles
 O - 14 javelins
 S - 3 throwing nets
 V - 22 tomahawks of returning (quivered)
Armour
 l - the +2 shield of Beogh's Esteem (worn) {rPois rF++ MR- Slay+2}
   (You took it off a gnoll sergeant on level 7 of the Dungeon)

   It affects your accuracy and damage with ranged weapons and melee attacks
   (+2).
   It greatly protects you from fire.
   It protects you from poison.
   It affects your resistance to hostile enchantments.
 o - a +2 chain mail of cold resistance
 t - a +0 cloak (worn)
 F - a +0 pair of gloves (worn)
 Y - a +5 ring mail of fire resistance (worn)
Jewellery
 j - a +6 ring of evasion (right hand)
 r - an uncursed ring of fire
 y - an uncursed ring of protection from cold
 E - an uncursed ring of see invisible
 J - the ring of Futhrael (left hand) {rElec rPois rF- rN+ Int+2}
   (You found it on level 7 of the Dungeon)

   [ring of intelligence]

   It affects your intelligence (+2).
   It makes you vulnerable to fire.
   It insulates you from electricity.
   It protects you from poison.
   It protects you from negative energy.
 L - an uncursed ring of positive energy
 X - an amulet of harm (around neck)
Wands
 i - a wand of scattershot (3)
 s - a wand of enslavement (4)
 u - a wand of disintegration (25)
 P - a wand of acid (4)
 Q - a wand of iceblast (9)
 U - a wand of polymorph (6)
Scrolls
 c - 10 scrolls of remove curse
 g - 3 scrolls of blinking
 h - 9 scrolls of amnesia
 m - 14 scrolls of teleportation
 p - 9 scrolls of fog
 x - 6 scrolls of immolation
 H - 2 scrolls of enchant armour
 I - a scroll of summoning
 K - 3 scrolls of magic mapping
 T - a scroll of fear
 W - 2 scrolls of silence
 Z - a scroll of holy word
Potions
 a - 3 potions of might
 b - 9 potions of lignification
 e - 2 potions of curing
 k - a potion of heal wounds
 n - 3 potions of berserk rage
 q - 5 potions of agility
 v - 4 potions of cancellation
 A - 3 potions of invisibility
 B - 5 potions of haste
 D - 5 potions of brilliance
 G - 2 potions of flight
Books
 M - a manual of Short Blades
Miscellaneous
 R - a phantom mirror
Comestibles
 f - 18 rations


   Skills:
 + Level 9.6 Fighting
 + Level 10.8 Short Blades
 + Level 9.2 Long Blades
 + Level 9.2 Axes
 + Level 9.2 Maces & Flails
 + Level 9.2 Polearms
 + Level 9.2 Staves
 + Level 9.2 Slings
 + Level 9.2 Bows
 + Level 9.2 Crossbows
 + Level 10.2 Throwing
 + Level 9.2 Armour
 + Level 9.6 Dodging
 + Level 9.5 Stealth
 + Level 9.2 Shields
 + Level 9.2 Unarmed Combat
 + Level 9.6 Spellcasting
 + Level 7.7 Conjurations
 + Level 8.0 Hexes
 + Level 7.7 Charms
 + Level 7.7 Summonings
 + Level 7.7 Necromancy
 + Level 7.7 Translocations
 + Level 7.7 Transmutations
 + Level 7.7 Fire Magic
 + Level 7.7 Ice Magic
 + Level 7.7 Air Magic
 + Level 7.7 Earth Magic
 + Level 9.5 Poison Magic
 + Level 10.0 Invocations
 + Level 9.2 Evocations


You had 18 spell levels left.
You knew the following spells:

 Your Spells              Type           Power        Failure   Level  Hunger
a - Sting                 Conj/Pois      ####         1%          1    None
b - Slow                  Hex            #####...     1%          2    None
c - Blink                 Tloc           N/A          1%          2    None
d - Call Imp              Summ           #####...     1%          2    None
e - Mephitic Cloud        Conj/Pois/Air  #####...     1%          3    None
f - Regeneration          Chrm/Necr      #####.....   2%          3    None
g - Pain                  Necr           ####         1%          1    None

Your spell library contained the following spells:

 Spells                   Type           Power        Failure   Level  Hunger
 Animate Skeleton         Necr           N/A          1%          1    None
 Flame Tongue             Conj/Fire      #####        1%          1    None
 Magic Dart               Conj           ####         1%          1    None
 Summon Small Mammal      Summ           ####         1%          1    None
 Throw Flame              Conj/Fire      #####.       1%          2    None
 Call Canine Familiar     Summ           #####...     2%          3    None
 Conjure Flame            Conj/Fire      #####...     2%          3    None
 Inner Flame              Hex/Fire       #####...     2%          3    None
 Summon Guardian Golem    Hex/Summ       #####...     2%          3    None
 Vampiric Draining        Necr           #####.....   2%          3    None
 Animate Dead             Necr           N/A          9%          4    ###....
 Ice Form                 Ice/Tmut       #####...     9%          4    ###....
 Sticky Flame             Conj/Fire      #####...     9%          4    ###....
 Summon Ice Beast         Ice/Summ       #####...     9%          4    ###....
 Summon Lightning Spire   Summ/Air       #####...     9%          4    ###....
 Venom Bolt               Conj/Pois      #####.....   17%         5    #####..
 Metabolic Englaciation   Hex/Ice        #####.....   22%         5    #####..
 Bolt of Magma            Conj/Fire/Erth #####.....   24%         5    #####..
 Fireball                 Conj/Fire      #####.....   24%         5    #####..
 Iskenderun's Battlesphe  Conj/Chrm      #####...     24%         5    #####..
 Bolt of Cold             Conj/Ice       #####.....   80%         6    ######.
 Freezing Cloud           Conj/Ice/Air   #####.....   80%         6    ######.
 Iron Shot                Conj/Erth      #####.....   80%         6    ######.
 Ozocubu's Refrigeration  Ice            #####.....   80%         6    ######.
 Simulacrum               Ice/Necr       #####.....   80%         6    ######.
 Orb of Destruction       Conj           #####.....   100%        7    #######
 Spellforged Servitor     Conj/Summ      #####.....   100%        7    #######


Dungeon Overview and Level Annotations

Branches:
Dungeon (11/15)            Temple (1/1) D:5            Lair (6/6) D:10
  Swamp (2/4) Lair:4        Snake (0/4) Lair:2        Slime (0/5) Lair:6
    Orc (0/2) D:10

Altars:
Ashenzari
Cheibriados
Dithmenos
Elyvilon
Fedhas
Gozag
Hepliaklqana
Kikubaaqudgha
Makhleb
Nemelex Xobeh
Okawaru
Qazlal
Ru
Sif Muna
Trog
Uskayaw
Vehumet
Wu Jian
Xom
Yredelemnul
Zin
The Shining One
Beogh
Jiyva

Shops:
D:4 ?   D:5 !   Lair:3 [   Lair:6 (

Annotations:
Lair:4 exclusion: oklob plant
Swamp:2 Donald


Innate Abilities, Weirdness & Mutations

Your experience applies equally to all skills.
You have very sharp teeth.
Your uncanny sense of smell can sniff out nearby items.
You have a pair of small horns on your head.
You are agile. (Dex +2)
You occasionally shout uncontrollably at your foes.
You are occasionally teleported next to monsters.
Your movements are slightly less encumbered by armour. (ER -2)


Message History

You hit Donald but do no damage. You bite Donald, but do no damage.
Donald is almost dead.
* * * LOW HITPOINT WARNING * * *
The grasping roots constrict you.
Unknown command.
Okay, then.
You feel much better. Donald hits you with a +0 long sword.
You hit Donald. You headbutt Donald, but do no damage.
Donald is almost dead.
Donald hits you with a +0 long sword!!
* * * LOW HITPOINT WARNING * * *
x2 The grasping roots constrict you!
You hit Donald but do no damage. Your headbutt misses Donald.
Donald is almost dead.
Donald blocks your attack.
You headbutt Donald, but do no damage. Donald blocks your attack.
Donald is almost dead.
Donald hits you with a +0 long sword!!
You die...
Your body crumbles into a pile of gold.

.≈≈≈≈..♣ .≈≈≈≈.♣♣♣♣
≈≈.§≈..≈.♣
♣.≈≈§.....
♣.≈≈≈≈≈≈.. ≈.≈≈≈≈≈≈.
♣.≈≈≈≈≈≈. ♣@@≈≈...♣
♣♣≈......≈≈>..♣
♣.≈.≈f≈≈≈...≈≈.
♣.≈≈≈≈≈≈≈...≈≈.
♣♣...≈≈≈≈≈...!≈♣
♣§..≈≈≈≈≈......♣
♣♣♣♣.≈≈≈≈≈≈≈≈..≈≈?.
♣♣.(≈≈≈.≈≈≈≈≈≈.)≈≈..
♣≈≈≈....≈≈≈≈≈..≈≈♣


You could see a shambling mangrove and Donald.

Vanquished Creatures
  6 hydras
  Harold (D:8)
  2 catoblepae
  4 alligators
  3 death yaks (Lair:6)
  Sonja (D:10)
  A swamp dragon (Swamp:1)
  An orc knight (D:10)
  4 oklob plants (Lair:6)
  A lindwurm (Lair:6)
  3 ugly things
  2 manticores (Lair:6)
  6 elephants
  3 black mambas
  3 ice statues (IceCv)
  Joseph (D:7)
  2 molten gargoyles (Lair:3)
  A centaur zombie (D:10)
  A rime drake (Lair:3)
  12 spiny frogs
  4 komodo dragons
  A polar bear (Lair:4)
  A queen bee (D:9)
  5 hornets
  A troll (D:10)
  4 tyrant leeches
  6 blink frogs
  2 dream sheep (Lair:6)
  5 hippogriffs
  2 bog bodies (Swamp:1)
  A centaur simulacrum (D:11)
  4 spriggans (Swamp:1)
  27 yaks
  5 wyverns
  4 basilisks
  2 hungry ghosts
  9 vampire mosquitoes (Swamp:1)
  6 swamp worms
  5 nagas (Lair:2)
  10 porcupines
  9 water moccasins
  A floating eye (Lair:6)
  8 ice beasts
  A phantom (D:4)
  2 swamp drakes (Swamp:1)
  4 sky beasts
  7 orc warriors
  7 black bears
  2 necrophages
  8 ogres
  3 centaurs
  11 crocodiles
  2 big kobolds
  13 bullfrogs
  5 gnoll sergeants
  6 scorpions
  16 killer bees
  8 wights
  An electric eel (D:10)
  5 howler monkeys
  2 bullfrog zombies
  A quasit (D:9)
  5 lava snakes (Lair:3)
  4 jellies
  2 bullfrog skeletons
  A gnoll shaman (D:7)
  4 orc priests
  3 centaur skeletons
  4 hounds
  7 orc wizards
  4 iguanas
  9 worker ants
  A big kobold zombie (Ossuary)
  A hound skeleton (D:9)
  8 mummies (Ossuary)
  2 worker ant zombies
  31 adders
  13 gnolls
  A howler monkey skeleton (D:8)
  4 shadow imps
  12 white imps (Lair:4)
  An adder skeleton (D:4)
  2 worms (D:2)
  2 dart slugs
  9 leopard geckos
  36 orcs
  10 bats
  19 giant cockroaches
  10 hobgoblins
  11 jackals
  5 quokkas
  3 ball pythons
  6 frilled lizards
  A giant cockroach zombie (D:5)
  A gnoll zombie (Ossuary)
  7 goblins
  A goblin zombie (D:5)
  A jackal skeleton (D:8)
  19 kobolds
  A kobold zombie (Ossuary)
  2 leopard gecko zombies
  3 orc zombies (Ossuary)
  8 rats
  A rat zombie (D:5)
  A fungus (Lair:4)
  A plant (Lair:1)
561 creatures vanquished.

Vanquished Creatures (collateral kills)
  The ghost of Paps the Covert, a novice OpFi of Gozag (D:7)
  2 orc zombies (Ossuary)
3 creatures vanquished.

Vanquished Creatures (others)
  40 fungi
  8 plants
48 creatures vanquished.

Grand Total: 612 creatures vanquished

Notes
Turn   | Place    | Note
-------+----------+-------------------------------------------
     0 | D:1      | Kairos the Gnoll Wanderer began the quest for the Orb.
     0 | D:1      | Kairos set off with the following items: a +0 club, a
                  | potion of lignification, a +0 robe, a ration; and the
                  | following spells available to memorise: Sting, Slow, Magic
                  | Dart, Mephitic Cloud, Blink, Call Imp, Conjure Flame
     0 | D:1      | Reached XP level 1. HP: 17/17 MP: 4/4
     2 | D:1      | Learned a level 1 spell: Sting
   128 | D:1      | Reached XP level 2. HP: 23/23 MP: 5/5
  1117 | D:1      | Reached XP level 3. HP: 22/28 MP: 7/7
  1554 | D:2      | Reached skill level 1 in Invocations
  1560 | D:2      | Learned a level 2 spell: Slow
  1681 | D:2      | Reached skill level 1 in Short Blades
  1681 | D:2      | Reached skill level 1 in Long Blades
  1681 | D:2      | Reached skill level 1 in Axes
  1681 | D:2      | Reached skill level 1 in Maces & Flails
  1681 | D:2      | Reached skill level 1 in Polearms
  1681 | D:2      | Reached skill level 1 in Staves
  1681 | D:2      | Reached skill level 1 in Slings
  1681 | D:2      | Reached skill level 1 in Bows
  1681 | D:2      | Reached skill level 1 in Crossbows
  1681 | D:2      | Reached skill level 1 in Armour
  1681 | D:2      | Reached skill level 1 in Shields
  1681 | D:2      | Reached skill level 1 in Unarmed Combat
  1681 | D:2      | Reached skill level 1 in Evocations
  1758 | D:2      | Reached XP level 4. HP: 34/34 MP: 5/8
  2435 | D:2      | Reached skill level 1 in Conjurations
  2435 | D:2      | Reached skill level 1 in Charms
  2435 | D:2      | Reached skill level 1 in Summonings
  2435 | D:2      | Reached skill level 1 in Necromancy
  2435 | D:2      | Reached skill level 1 in Translocations
  2435 | D:2      | Reached skill level 1 in Transmutations
  2435 | D:2      | Reached skill level 1 in Fire Magic
  2435 | D:2      | Reached skill level 1 in Ice Magic
  2435 | D:2      | Reached skill level 1 in Air Magic
  2435 | D:2      | Reached skill level 1 in Earth Magic
  2953 | D:3      | Reached XP level 5. HP: 40/40 MP: 9/9
  3434 | D:3      | Learned a level 2 spell: Blink
  3447 | D:4      | Found a glowing drain.
  3529 | Sewer    | Entered a sewer
  3575 | Sewer    | Learned a level 2 spell: Call Imp
  3579 | Sewer    | Learned a level 3 spell: Mephitic Cloud
  3803 | Sewer    | Reached XP level 6. HP: 24/47 MP: 4/11
  4400 | D:4      | Reached skill level 5 in Throwing
  4606 | D:4      | Found Wanoaz's Magic Scroll Shop.
  4967 | D:4      | Noticed a phantom
  5053 | D:4      | Killed a phantom
  5053 | D:4      | Reached XP level 7. HP: 50/52 MP: 5/12
  5301 | D:5      | Entered Level 5 of the Dungeon
  5340 | D:4      | Bought a scroll of enchant weapon for 82 gold pieces
  5388 | D:5      | Found a sand-covered staircase.
  5399 | D:5      | Found a bloodstained altar of Trog.
  5415 | Ossuary  | Entered an ossuary
  7026 | D:5      | Found a staircase to the Ecumenical Temple.
  7080 | D:5      | Reached XP level 8. HP: 60/60 MP: 14/14
  7107 | Temple   | Entered the Ecumenical Temple
  7182 | Temple   | Became a worshipper of Gozag Ym Sagoz the Greedy
  7281 | D:5      | Found Teve's Distillery.
  7672 | D:5      | Found a shadowy altar of Dithmenos.
  7744 | D:5      | Bought a potion of heal wounds for 75 gold pieces
  7744 | D:5      | Bought a potion of mutation for 120 gold pieces
  8083 | D:6      | Gained mutation: You have an increased reservoir of magic.
                  | (+10% MP) [potion of mutation]
  8083 | D:6      | Gained mutation: You are weak. (Str -2) [potion of
                  | mutation]
  8083 | D:6      | Gained mutation: Your spells are a little harder to cast,
                  | but a little more powerful. [potion of mutation]
  8821 | D:6      | Reached XP level 9. HP: 58/66 MP: 17/17
  9648 | D:7      | Found a transporter.
  9666 | D:7      | Noticed Paps's ghost (novice OpFi)
  9702 | D:7      | Lost mutation: You have an increased reservoir of magic.
                  | (+10% MP) [potion of mutation]
  9702 | D:7      | Lost mutation: Your spells are a little harder to cast, but
                  | a little more powerful. [potion of mutation]
  9702 | D:7      | Lost mutation: You are weak. (Str -2) [potion of mutation]
  9702 | D:7      | Gained mutation: You tend to lose your temper in combat.
                  | [potion of mutation]
  9702 | D:7      | Gained mutation: You are occasionally teleported next to
                  | monsters. [potion of mutation]
  9702 | D:7      | Gained mutation: You occasionally shout uncontrollably at
                  | your foes. [potion of mutation]
  9702 | D:7      | Gained mutation: You have large cloven feet. [potion of
                  | mutation]
  9709 | D:7      | Found a transporter.
  9732 | D:7      | Noticed Joseph
 10034 | D:6      | Reached skill level 5 in Spellcasting
 10079 | D:7      | Killed Joseph
 10079 | D:7      | Reached skill level 5 in Fighting
 10079 | D:7      | Reached skill level 5 in Dodging
 10467 | D:7      | Reached skill level 5 in Stealth
 10509 | D:7      | Identified the +2 shield of Beogh's Esteem {rPois rF++ MR-
                  | Slay+2}
 10965 | D:8      | Reached skill level 5 in Invocations
 11034 | D:8      | Noticed Harold
 11475 | D:8      | Reached XP level 10. HP: 74/74 MP: 18/18
 11482 | D:8      | Killed Harold
 11482 | D:8      | Reached skill level 5 in Short Blades
 11482 | D:8      | Reached skill level 5 in Long Blades
 11482 | D:8      | Reached skill level 5 in Axes
 11482 | D:8      | Reached skill level 5 in Maces & Flails
 11482 | D:8      | Reached skill level 5 in Polearms
 11482 | D:8      | Reached skill level 5 in Staves
 11482 | D:8      | Reached skill level 5 in Slings
 11482 | D:8      | Reached skill level 5 in Bows
 11482 | D:8      | Reached skill level 5 in Crossbows
 11482 | D:8      | Reached skill level 5 in Armour
 11482 | D:8      | Reached skill level 5 in Shields
 11482 | D:8      | Reached skill level 5 in Unarmed Combat
 11482 | D:8      | Reached skill level 5 in Evocations
 11761 | D:8      | Learned a level 3 spell: Regeneration
 12395 | D:8      | Reached skill level 5 in Hexes
 12955 | D:5      | Bought a potion of brilliance for 60 gold pieces
 12955 | D:5      | Bought a potion of curing for 45 gold pieces
 12955 | D:5      | Bought a potion of curing for 45 gold pieces
 12955 | D:5      | Bought a potion of curing for 45 gold pieces
 12955 | D:5      | Bought a potion of heal wounds for 75 gold pieces
 13787 | D:9      | Reached XP level 11. HP: 81/81 MP: 20/20
 13912 | D:9      | You fall through a shaft for 2 floors!
 13912 | D:11     | Found a roughly hewn altar of Beogh.
 13913 | D:11     | Noticed an orc knight
 14030 | D:11     | Noticed a cyan ugly thing
 14100 | D:11     | Killed a cyan ugly thing
 14152 | D:11     | Reached skill level 5 in Conjurations
 14152 | D:11     | Reached skill level 5 in Charms
 14152 | D:11     | Reached skill level 5 in Summonings
 14152 | D:11     | Reached skill level 5 in Necromancy
 14152 | D:11     | Reached skill level 5 in Translocations
 14152 | D:11     | Reached skill level 5 in Transmutations
 14152 | D:11     | Reached skill level 5 in Fire Magic
 14152 | D:11     | Reached skill level 5 in Ice Magic
 14152 | D:11     | Reached skill level 5 in Air Magic
 14152 | D:11     | Reached skill level 5 in Earth Magic
 14270 | D:11     | Found a flagged portal.
 14336 | Bailey   | Entered a bailey
 14879 | Bailey   | Found a bloodstained altar of Trog.
 15192 | D:10     | Entered Level 10 of the Dungeon
 16005 | D:10     | Noticed Sonja
 16006 | D:10     | Killed Sonja
 16073 | D:10     | Found a staircase to the Lair.
 16126 | D:10     | Found a staircase to the Orcish Mines.
 16936 | D:11     | Reached XP level 12. HP: 87/91 MP: 23/23
 17858 | D:7      | Killed Paps's ghost
 17988 | D:7      | Got a warped granite ring
 17994 | D:7      | Identified the ring of Futhrael {rElec rPois rF- rN+ Int+2}
                  | (You found it on level 7 of the Dungeon)
 18151 | Lair:1   | Entered Level 1 of the Lair of Beasts
 18577 | Lair:1   | Lost mutation: You have large cloven feet. [potion of
                  | mutation]
 18577 | Lair:1   | Lost mutation: You tend to lose your temper in combat.
                  | [potion of mutation]
 18577 | Lair:1   | Gained mutation: You have a pair of small horns on your
                  | head. [potion of mutation]
 18577 | Lair:1   | Gained mutation: You are agile. (Dex +2) [potion of
                  | mutation]
 18577 | Lair:1   | Gained mutation: Your movements are slightly less
                  | encumbered by armour. (ER -2) [potion of mutation]
 19486 | Lair:2   | Found a sparkling altar of Nemelex Xobeh.
 19552 | Lair:2   | Noticed a catoblepas
 20198 | Lair:2   | Killed a catoblepas
 20355 | Lair:2   | Found a staircase to the Snake Pit.
 21598 | Lair:3   | Bought an ichor-stained plate armour for 560 gold pieces
 21608 | Lair:3   | Identified the +1 plate armour of Levity {SInv} (You bought
                  | it in a shop on level 3 of the Lair of Beasts)
 21614 | Lair:3   | Bought a crude shield for 190 gold pieces
 21614 | Lair:3   | Bought a smoking troll leather armour for 400 gold pieces
 21624 | Lair:3   | Identified the cursed -3 shield "Paukaafa" {rElec Dex+2}
                  | (You bought it in a shop on level 3 of the Lair of Beasts)
 21629 | Lair:3   | Identified the +1 troll leather armour of the Undertaker
                  | {Regen+ Int+4} (You bought it in a shop on level 3 of the
                  | Lair of Beasts)
 21749 | Lair:4   | Found a frozen archway.
 21897 | Lair:4   | Reached XP level 13. HP: 57/98 MP: 25/25
 22053 | IceCv    | Entered an ice cave
 22639 | IceCv    | Got a bloodstained war axe
 22641 | IceCv    | Identified the +10 war axe "Ibycuw" {venom, rPois MP+9}
                  | (You found it in an ice cave)
 23632 | Lair:4   | Found a staircase to the Swamp.
 23990 | Lair:4   | Found a blossoming altar of Fedhas.
 25256 | Lair:6   | Entered Level 6 of the Lair of Beasts
 26261 | Lair:6   | Reached skill level 10 in Short Blades
 26261 | Lair:6   | Reached XP level 14. HP: 86/108 MP: 27/27
 27033 | Lair:6   | Reached skill level 10 in Throwing
 27193 | Lair:6   | Found a staircase to the Slime Pits.
 27193 | Lair:6   | Found a viscous altar of Jiyva.
 27341 | Lair:6   | Learned a level 1 spell: Pain
 27353 | Lair:6   | Bought a glowing quick blade for 648 gold pieces
 27434 | Swamp:1  | Entered Level 1 of the Swamp
 28720 | Swamp:2  | Reached skill level 10 in Invocations
 28786 | Swamp:2  | Noticed Donald
 28812 | Swamp:2  | Annihilated by Donald

Skill      XL: |  1  2  3  4  5  6  7  8  9 10 11 12 13 14 |
---------------+-------------------------------------------+-----
Hexes          | 2 3 4 5 6 7 8 |  8.0
Invocations    | 1 2 3 4 5 6 7 8 9 10 | 10.0
Short Blades   | 1 2 3 4 5 6 8 10 | 10.8
Long Blades    | 1 2 3 4 5 6 7 8 9 |  9.2
Axes           | 1 2 3 4 5 6 7 8 9 |  9.2
Maces & Flails | 1 2 3 4 5 6 7 8 9 |  9.2
Polearms       | 1 2 3 4 5 6 7 8 9 |  9.2
Staves         | 1 2 3 4 5 6 7 8 9 |  9.2
Slings         | 1 2 3 4 5 6 7 8 9 |  9.2
Bows           | 1 2 3 4 5 6 7 8 9 |  9.2
Crossbows      | 1 2 3 4 5 6 7 8 9 |  9.2
Armour         | 1 2 3 4 5 6 7 8 9 |  9.2
Shields        | 1 2 3 4 5 6 7 8 9 |  9.2
Unarmed Combat | 1 2 3 4 5 6 7 8 9 |  9.2
Evocations     | 1 2 3 4 5 6 7 8 9 |  9.2
Spellcasting   | 3 4 5 6 7 8 9 |  9.6
Conjurations   | 1 2 3 4 5 6 7 |  7.7
Charms         | 1 2 3 4 5 6 7 |  7.7
Summonings     | 1 2 3 4 5 6 7 |  7.7
Necromancy     | 1 2 3 4 5 6 7 |  7.7
Translocations | 1 2 3 4 5 6 7 |  7.7
Transmutations | 1 2 3 4 5 6 7 |  7.7
Fire Magic     | 1 2 3 4 5 6 7 |  7.7
Ice Magic      | 1 2 3 4 5 6 7 |  7.7
Air Magic      | 1 2 3 4 5 6 7 |  7.7
Earth Magic    | 1 2 3 4 5 6 7 |  7.7
Fighting       | 3 4 5 6 7 8 9 |  9.6
Dodging        | 3 4 5 6 7 8 9 |  9.6
Stealth        | 3 4 5 6 7 8 9 |  9.5
Throwing       | 5 6 7 8 9 10 | 10.2
Poison Magic   | 6 7 8 9 |  9.5

Action                   |  1- 3 |  4- 6 |  7- 9 | 10-12 | 13-15 || total
-------------------------+-------+-------+-------+-------+-------++-------
Melee: Club              |    37 |       |       |       |       ||    37
       Bite              |     9 |    58 |    38 |   133 |   100 ||   338
       Short sword       |    54 |   402 |       |       |       ||   456
       Punch             |     1 |     4 |       |     5 |       ||    10
       Quarterstaff      |       |       |   422 |     6 |       ||   428
       Kick              |       |       |    32 |   263 |       ||   295
       Trident           |       |       |       |  1323 |   344 ||  1667
       Headbutt          |       |       |       |    67 |   161 ||   228
       War axe           |       |       |       |       |    66 ||    66
       Quick blade       |       |       |       |       |   249 ||   249
Throw: Javelin           |       |       |    25 |    15 |    14 ||    54
       Tomahawk          |       |       |     6 |       |   132 ||   138
       Throwing net      |       |       |       |       |     2 ||     2
 Cast: Sting             |    29 |    56 |       |       |       ||    85
       Call Imp          |       |     7 |     5 |     2 |       ||    14
       Slow              |       |     1 |       |     4 |       ||     5
       Mephitic Cloud    |       |       |       |     8 |     5 ||    13
       Blink             |       |       |       |     6 |       ||     6
       Regeneration      |       |       |       |     3 |     3 ||     6
Invok: Potion Petition   |       |       |       |     2 |     1 ||     3
       Call Merchant     |       |       |       |     1 |     1 ||     2
Evoke: Wand              |       |     1 |     1 |     1 |     1 ||     4
  Use: Scroll            |       |    10 |     3 |    19 |     9 ||    41
       Potion            |       |     2 |     7 |     8 |     2 ||    19
 Stab: Sleeping          |       |     2 |       |     6 |     1 ||     9
       Distracted        |       |     2 |     2 |     8 |     4 ||    16
       Invisible         |       |       |       |     3 |       ||     3
       Confused          |       |       |       |     1 |     2 ||     3
  Eat: Chunk             |     3 |    11 |     2 |       |       ||    16
       Ration            |       |       |     7 |    11 |     7 ||    25
Armor: Robe              |    21 |       |       |       |       ||    21
       Leather armour    |     4 |    43 |       |       |       ||    47
       Scale mail        |       |     7 |       |       |       ||     7
       Ring mail         |       |    25 |     6 |   120 |    47 ||   198
       Chain mail        |       |       |   154 |   251 |    67 ||   472
       Skin              |       |       |    28 |       |       ||    28
Dodge: Dodged            |   100 |   410 |   338 |   838 |   328 ||  2014
Block: Shield            |       |       |       |   553 |   314 ||   867
